 Dungeon Crawl Stone Soup version 0.31-a0-232-gb1c03b2570 (webtiles) character file.

Game seed: 17686700310198134176

606 qw the Shooter (level 7, -13/59 HPs)
             Began as a Minotaur Hexslinger on July 7, 2023.
             Was a Follower of Okawaru.
             Mangled by a komodo dragon (27 damage)
             ... on level 7 of the Dungeon.
             The game lasted 00:01:20 (3940 turns).

qw the Shooter (Minotaur Hexslinger)                Turns: 3940, Time: 00:01:21

Health: -13/59     AC:  5    Str: 13    XL:     7   Next: 19%
Magic:  6/7        EV: 11    Int: 10    God:    Okawaru [*.....]
Gold:   186        SH:  0    Dex: 14    Spells: 7/8 levels left

rFire   . . .        Y - +4 sling (freeze)
rCold   . . .        (no shield)
rNeg    . . .        b - +0 ring mail
rPois   .            (helmet restricted)
rElec   .            (no cloak)
rCorr   .            (no gloves)
SInv    .            (no boots)
Will    .....        (no amulet)
Stlth   +            (no ring)
HPRegen 0.29/turn    (no ring)
MPRegen 0.10/turn

%: no passive effects
@: about to teleport
A: horns 2, retaliatory headbutt
a: Renounce Religion, Heroism


You were on level 7 of the Dungeon.
You worshipped Okawaru.
Okawaru was aware of your devotion.
You visited 1 branch of the dungeon, and saw 5 of its levels.

You collected 186 gold pieces.


Innate Abilities, Weirdness & Mutations

You have a pair of horns on your head.
You reflexively headbutt those who attack you in melee.


   Skills:
 - Level 4.0 Fighting
 + Level 7.8 Ranged Weapons
 - Level 1.0 Armour
 - Level 2.1 Dodging
 - Level 1.0 Spellcasting
 - Level 2.0 Hexes
 + Level 0.6 Invocations


You had 7 spell levels left.
You knew the following spells:

 Your Spells              Type           Power      Damage    Failure   Level
a - Slow                  Hex            16%        N/A       32%         1

Your spell library contained the following spells:

 Spells                   Type           Power      Damage    Failure   Level
 Inner Flame              Hex/Fire       2%         N/A       82%         3
 Portal Projectile        Hex/Tloc       4%         N/A       82%         3
 Cause Fear               Hex            2%         N/A       97%         4

Inventory:

Hand Weapons
 Y - a +4 sling of freezing (weapon)
Armour
 b - a +0 ring mail (worn)
 c - a +0 leather armour of cold resistance
Jewellery
 k - a ring of see invisible
Wands
 d - a wand of digging (6)
Scrolls
 a - 2 scrolls of identify
 i - a scroll of blinking {unknown}
 l - a scroll of teleportation
 m - a scroll of revelation {unknown}
 n - a scroll of enchant armour {unknown}
Potions
 e - a potion of attraction {unknown}
 f - a potion of lignification {unknown}
 g - a potion of brilliance {unknown}
 h - a potion of resistance
 j - a potion of degeneration {unknown}

Dungeon Overview and Level Annotations

Branches:
Dungeon (4/15)
 Temple: D:4-7

Altars:
Dithmenos
Okawaru
Ru
Vehumet

Shops:
D:1 :

Annotations:
D:1 2 runed translucent doors


Message History

The sling bullet freezes the iguana.
The iguana is almost dead.
A nearby plant withers and dies. x2; The frilled lizard bites you.
The frilled lizard bites the plant.
The plant begins to die.
The iguana bites you.
The frilled lizard bites the plant.
You shoot a sling bullet. The sling bullet hits the iguana.
The iguana seems to slow down.
The sling bullet freezes the iguana.
You kill the iguana!
Okawaru accepts your kill.
The frilled lizard bites the plant.
The iguana bites the plant.
You shoot a sling bullet.
The sling bullet barely misses the frilled lizard.
The sling bullet hits the plant!
The sling bullet freezes the plant.
The plant is lightly damaged.
The komodo dragon bites the plant!!
You shoot a sling bullet.
The sling bullet hits the frilled lizard.
The sling bullet freezes the frilled lizard.
You kill the frilled lizard!
Okawaru accepts your kill.
A nearby plant withers and dies.
The frilled lizard bites the plant.
The frilled lizard closely misses you.
You shoot a sling bullet.
The sling bullet hits the komodo dragon but does no damage.
A nearby plant withers and dies.
The frilled lizard misses you. The komodo dragon bites you!!
You shoot a sling bullet.
The sling bullet hits the komodo dragon.
The sling bullet freezes the komodo dragon.
The komodo dragon is moderately wounded.
A nearby plant withers and dies. x2; The frilled lizard closely misses you.
You furiously retaliate!
You headbutt the frilled lizard, but do no damage.
The komodo dragon bites you!!
3940 ||| READING 2 scrolls of teleportation.
As you read the scroll of teleportation, it crumbles to dust.
You feel strangely unstable.
You feel like a meek peon again.
A nearby plant withers and dies.
The komodo dragon bites you!!
You die...

### #.# ##.# ...# .#.#
.#'######## #########
..........# #.l...>..
..........######@l.#
............#..'#lll...#
%..............##ll....#
##+###.........# #l.....
#..........)...# ....##
#......##'#....########
#......##.#)#.......
#......##..)......#.
#......#####.#......


You could see a komodo dragon, 2 iguanas and 5 frilled lizards.

Vanquished Creatures
  2 phantoms
  A bullfrog (D:7)
  A jelly (D:7)
  A hound (D:4)
  3 orc priests
  An iguana (D:7)
  An orc wizard (D:7)
  5 adders
  4 gnolls (D:4)
  A shadow imp (D:7)
  A worm (D:2)
  10 orcs
  11 endoplasms
  2 giant cockroaches
  8 goblins
  7 hobgoblins
  2 jackals (D:2)
  5 quokkas
  10 ball pythons
  5 bats
  3 frilled lizards
  8 kobolds
  7 rats (D:1)
99 creatures vanquished.

Notes
Turn   | Place    | Note
-------+----------+-------------------------------------------
     0 | D:1      | qw the Minotaur Hexslinger began the quest for the Orb.
     0 | D:1      | Reached XP level 1. HP: 16/16 MP: 1/1
     0 | D:1      | 0 ||| qw: Version: 0.3-a-46-gb1f654a
     0 | D:1      | 0 ||| qw: Game counter: 2305
     0 | D:1      | 0 ||| qw: Melee chars always use a shield: true
     0 | D:1      | 0 ||| qw: God list: Okawaru
     0 | D:1      | 0 ||| qw: Allow faded altars: false
     0 | D:1      | 0 ||| qw: Do Orc after clearing Dungeon:15 true
     0 | D:1      | 0 ||| qw: Do second Lair branch before Depths: true
     0 | D:1      | 0 ||| qw: Lair rune preference: random
     0 | D:1      | 0 ||| qw: Goals: Normal
     0 | D:1      | 0 ||| PLANNING D:1-11
    64 | D:1      | Found a large runed translucent door.
    64 | D:1      | Found a large runed translucent door.
   159 | D:1      | Reached skill level 3 in Ranged Weapons
   166 | D:1      | Reached XP level 2. HP: 23/23 MP: 2/2
   223 | D:1      | 223 ||| Stepping ~*~*~tactically~*~*~ (water).
   226 | D:1      | 226 ||| Stepping ~*~*~tactically~*~*~ (water).
   470 | D:1      | Found Xoasixtu's Book Shop.
   500 | D:1      | 500 ||| FLEEEEING.
   501 | D:1      | 501 ||| FLEEEEING.
   502 | D:1      | 502 ||| FLEEEEING.
   503 | D:1      | 503 ||| FLEEEEING.
   504 | D:1      | 504 ||| FLEEEEING.
   505 | D:1      | 505 ||| FLEEEEING.
   511 | D:1      | 511 ||| FLEEEEING.
   520 | D:1      | 520 ||| FLEEEEING.
   521 | D:1      | 521 ||| FLEEEEING.
   522 | D:1      | 522 ||| FLEEEEING.
   523 | D:1      | 523 ||| FLEEEEING.
   974 | D:1      | 974 ||| UPGRADING to +0 leather armour.
   984 | D:1      | 984 ||| DROPPING +0 robe.
   985 | D:1      | 985 ||| READING 3 scrolls labelled OXTICEURON.
   986 | D:1      | 986 ||| READING 2 scrolls labelled KEBLAE ESTRUNGI.
   987 | D:1      | 987 ||| READING scroll of enchant weapon.
   987 | D:1      | 987 ||| ENCHANTING +2 sling.
   988 | D:1      | 988 ||| READING scroll labelled KAIS YBBYNWI.
   989 | D:1      | 989 ||| READING scroll labelled HOVAPL HAFEL.
  1066 | D:1      | 1066 ||| DRINKING 2 orange potions.
  1067 | D:1      | 1067 ||| DROPPING scroll of poison.
  1172 | D:2      | Reached XP level 3. HP: 29/29 MP: 3/3
  1406 | D:2      | Reached skill level 4 in Ranged Weapons
  1445 | D:2      | 1445 ||| READING scroll of enchant weapon.
  1445 | D:2      | 1445 ||| ENCHANTING +3 sling.
  1882 | D:2      | Found a faded altar of an unknown god.
  2046 | D:2      | 2046 ||| READING scroll labelled AGOWIODW SIEG.
  2147 | D:2      | 2147 ||| READING scroll labelled ARRAPS JIMOA.
  2148 | D:2      | 2148 ||| READING 2 scrolls labelled HADIGOMPIE.
  2149 | D:2      | 2149 ||| DROPPING scroll of vulnerability.
  2173 | D:3      | HP: 5/29 [orc priest/divine providence (8)]
  2175 | D:3      | Reached XP level 4. HP: 6/36 MP: 4/4
  2370 | D:3      | Reached skill level 5 in Ranged Weapons
  2459 | D:3      | Found an iron altar of Okawaru.
  2460 | D:3      | 2460 ||| PLANNING OKAWARU WORSHIP
  2460 | D:3      | 2460 ||| UPGRADING to +0 ring mail.
  2470 | D:3      | 2470 ||| DROPPING +0 leather armour.
  2471 | D:3      | 2471 ||| READING scroll labelled ERRI VIAMEWOM.
  2472 | D:3      | 2472 ||| READING 2 scrolls of identify.
  2472 | D:3      | 2472 ||| IDENTIFYING viscous purple potion
  2473 | D:3      | Found a shadowy altar of Dithmenos.
  2478 | D:3      | Became a worshipper of Warmaster Okawaru
  2479 | D:3      | 2479 ||| PLANNING D:1-11
  2595 | D:3      | Reached skill level 1 in Armour
  2698 | D:3      | 2698 ||| FLEEEEING.
  2699 | D:3      | 2699 ||| FLEEEEING.
  3116 | D:4      | 3116 ||| Stepping ~*~*~tactically~*~*~ (outnumbered).
  3120 | D:4      | Reached XP level 5. HP: 44/44 MP: 5/5
  3126 | D:4      | Reached skill level 3 in Fighting
  3300 | D:4      | Noticed a phantom
  3312 | D:4      | Killed a phantom
  3313 | D:4      | Reached skill level 6 in Ranged Weapons
  3341 | D:4      | Reached XP level 6. HP: 48/51 MP: 6/6
  3575 | D:4      | You fall into a shaft and drop 3 floors!
  3575 | D:7      | Found a sacrificial altar of Ru.
  3598 | D:7      | Found a radiant altar of Vehumet.
  3629 | D:7      | 3629 ||| Stepping ~*~*~tactically~*~*~ (outnumbered).
  3631 | D:7      | 3631 ||| Stepping ~*~*~tactically~*~*~ (outnumbered).
  3633 | D:7      | 3633 ||| Stepping ~*~*~tactically~*~*~ (outnumbered).
  3651 | D:7      | Reached skill level 7 in Ranged Weapons
  3652 | D:7      | 3652 ||| DRINKING potion of curing.
  3652 | D:7      | 3652 ||| (to cure confusion)
  3773 | D:7      | Reached * piety under Okawaru
  3774 | D:7      | Reached XP level 7. HP: 49/59 MP: 7/7
  3928 | D:7      | Noticed a komodo dragon
  3929 | D:7      | 3929 ||| INVOKING Heroism.
  3939 | D:7      | HP: 13/59 [komodo dragon (19)]
  3940 | D:7      | 3940 ||| READING 2 scrolls of teleportation.
  3940 | D:7      | Mangled by a komodo dragon

Levels and vault maps discovered:
D:1:      erik_arrival_cave_to_civilisation [erik_arrival_cave_to_temple],
          layout_basic, serial_shops, nicolae_shop_pleasant_corner_grove,
          chequers_serial_rivers_small_b
D:2:      layout_loops_corners, hellmonk_ecumenical_altar_inner_sanctum,
          minmay_misc_feat_rows, minmay_small_reverse_x
D:3:      layout_loops_ring, gammafunk_temple_overflow_statue
D:4:      layout_loops_ring, mainiacjoe_overflow_cross_hatched
D:7:      layout_basic, overflow_temple_1_default,
          mainiacjoe_overflow_big_doors, vehumet_crystals,
          minmay_temple_entry_glassed_door, enter_bailey_5, minmay_lizard_king

Skill      XL: |  1  2  3  4  5  6 |
---------------+-------------------+-----
Ranged Weapons | 3 4 5 6 7 |  7.8
Fighting       | 2 3 4 |  4.0
Armour         | 1 |  1.0
Dodging        | |  2.1
Spellcasting   | |  1.0
Hexes          | |  2.0
Invocations    | |  0.6

Action                     |  1- 3 |  4- 6 |  7- 9 || total
---------------------------+-------+-------+-------++-------
   Fire: Sling             |   122 |   135 |    15 ||   272
 Invoke: Heroism           |       |       |     1 ||     1
    Use: Scroll            |     9 |     2 |     1 ||    12
         Potion            |     1 |     1 |       ||     2
 Armour: Robe              |     7 |       |       ||     7
         Leather armour    |    11 |     1 |       ||    12
         Ring mail         |       |    21 |     5 ||    26
  Dodge: Dodged            |    40 |    41 |     7 ||    88

Table legend:
 A = Non-vault XP
 B = Vault XP
 C = Vault XP percentage of total XP
 D = Non-vault monster count
 E = Vault monster count
 F = Vault count percentage of total count
                 A         B        C        D         E       F
            +---------+---------+-------+---------+---------+-------
      Total |     817 |      49 |   5.7 |      91 |       8 |   8.1
            +---------+---------+-------+---------+---------+-------
        D:1 |      32 |       3 |   8.6 |      22 |       2 |   8.3
        D:2 |      43 |       6 |  12.2 |      15 |       4 |  21.1
        D:3 |      98 |       0 |   0.0 |      20 |       0 |   0.0
        D:4 |     308 |       0 |   0.0 |      25 |       0 |   0.0
        D:7 |     336 |      40 |  10.6 |       9 |       2 |  18.2
            +---------+---------+-------+---------+---------+-------
